 Dungeon Crawl Stone Soup version 0.30-a0-867-g305f33218d (webtiles) character file.

Game seed: 1243140221423672691

1709539 Datul the Blood Saint (level 26, 304/304 HPs)
             Began as a Demonspawn Warper on Mar 7, 2023.
             Was a High Priest of Makhleb.
             Escaped with the Orb
             ... and 3 runes on Mar 10, 2023!
             The game lasted 08:01:46 (65354 turns).

Datul the Blood Saint (Demonspawn Warper)          Turns: 65354, Time: 08:01:47

Health: 304/304    AC: 43    Str: 25      XL:     26   Next: 15%
Magic:  40/40      EV:  8    Int: 18 (21) God:    Makhleb [*****.]
Gold:   5208       SH: 23    Dex: 13      Spells: 24/37 levels left

rFire   + + .      SeeInvis +    p - +7 eveningstar (drain)
rCold   + + +      Faith    .    V - +5 kite shield {rF+}
rNeg    + + .      Spirit   .    G - +11 plate armour of the Distant Future {rF- rC+ Regen+}
rPois   +          Reflect  +    q - -2 hat of the Alchemist {rElec rPois rF+ rC+ rN+ Will+ rMut rCorr}
rElec   +          Rampage  .    S - +2 cloak
rCorr   +                        (gloves unavailable)
rMut    +                        Y - +2 pair of boots
Will    ++...                    T - amulet of reflection Stlth
                                 w - ring "Koloydiusk" {rPois rN+ rCorr Str+3}
HPRegen 1.50/turn                u - ring of Skepticism {*Slow rC+ AC+4 Int+5 SInv}
MPRegen 0.27/turn

@: studying Long Blades
A: molten scales 3, demonic guardian 3, robust 3, demonic magic 3, demonic touch
3, deterioration 1
0: Orb of Zot
}: 3/15 runes: barnacled, silver, gossamer
a: Renounce Religion, Minor Destruction, Lesser Servant of Makhleb, Major
Destruction, Greater Servant of Makhleb


You escaped.
You worshipped Makhleb.
Makhleb was extremely pleased with you.
You visited 12 branches of the dungeon, and saw 52 of its levels.
You also visited: Ice Cave and Volcano.

You collected 8725 gold pieces.
You spent 3517 gold pieces at shops.

Inventory:

Hand Weapons
 a - a +5 demon whip of flaming
 b - a +1 hand crossbow of flaming
 k - a +3 vampiric demon whip
 p - a +7 eveningstar of draining (weapon)
Missiles
 d - 9 boomerangs of dispersal
 y - 2 silver javelins
 H - 5 throwing nets
 W - 18 silver boomerangs
Armour
 q - the -2 hat of the Alchemist (worn) {rElec rPois rF+ rC+ rN+ Will+ rMut rCorr}
   (You found it on level 1 of the Vaults)

   rF:        It protects you from fire.
   rC:        It protects you from cold.
   rElec:     It insulates you from electricity.
   rPois:     It protects you from poison.
   rN:        It protects you from negative energy.
   rCorr:     It protects you from acid and corrosion.
   rMut:      It protects you from mutation.
   Will:      It increases your willpower.
 G - the +11 plate armour of the Distant Future (worn) {rF- rC+ Regen+}
   (You found it on level 3 of the Crypt)

   rF:        It makes you vulnerable to fire.
   rC:        It protects you from cold.
   Regen:     It increases your rate of health regeneration.
 S - a +2 cloak (worn)
 V - a +5 kite shield of fire resistance (worn)
 Y - a +2 pair of boots (worn)
Jewellery
 n - a +5 ring of evasion
 u - the ring of Skepticism (right hand) {*Slow rC+ AC+4 Int+5 SInv}
   (You took it off a spriggan defender on level 3 of the Depths)

   [ring of protection]

   AC:        It affects your AC (+4).
   Int:       It affects your intelligence (+5).
   rC:        It protects you from cold.
   SInv:      It lets you see invisible.
   *Slow:     It may slow you when you take damage.
 w - the ring "Koloydiusk" (left hand) {rPois rN+ rCorr Str+3}
   (You found it on level 3 of the Crypt)

   [ring of positive energy]

   Str:       It affects your strength (+3).
   rPois:     It protects you from poison.
   rN:        It protects you from negative energy.
   rCorr:     It protects you from acid and corrosion.
 x - a ring of wizardry
 B - the ring "Pouwoed" {Ice Str+3}
   (You took it off Josephina on level 2 of the Depths)

   [ring of ice]

   It enhances your ice magic.
   Str:       It affects your strength (+3).
   rF:        It makes you vulnerable to fire.
   rC:        It protects you from cold.
 D - a ring of flight
 T - an amulet of reflection (around neck)
 U - the ring "Jauqivor" {rPois rF++ rC+ Int+3}
   (You found it on level 3 of the Elven Halls)

   [ring of poison resistance]

   Int:       It affects your intelligence (+3).
   rF:        It greatly protects you from fire.
   rC:        It protects you from cold.
   rPois:     It protects you from poison.
Wands
 v - a wand of light (1)
 Q - a wand of roots (23)
Scrolls
 c - a scroll of blinking
 i - 13 scrolls of teleportation
 o - 3 scrolls of poison
 C - 10 scrolls of vulnerability
 E - 5 scrolls of torment
 I - 3 scrolls of magic mapping
 M - 21 scrolls of identify
 N - 6 scrolls of fog
 R - 2 scrolls of enchant armour
 Z - 4 scrolls of fear
Potions
 e - 29 potions of curing
 f - 3 potions of might
 g - 11 potions of brilliance
 j - 2 potions of resistance
 m - 5 potions of heal wounds
 r - 16 potions of mutation
 s - 5 potions of lignification
 t - 10 potions of attraction
 z - 3 potions of haste
 A - 4 potions of berserk rage
 K - 2 potions of invisibility
 O - 6 potions of flight
Miscellaneous
 l - a lightning rod (4/4)
 F - a tin of tremorstones (2/2)
 J - a box of beasts
 L - a phial of floods
 P - a phantom mirror
 X - a condenser vane


   Skills:
 + Level 24.9 Fighting
 - Level 16.0 Maces & Flails
 - Level 0.8 Throwing
 - Level 20.0 Armour
 - Level 1.7 Dodging
 - Level 14.0 Shields
 - Level 6.0 Spellcasting
 - Level 16.0 Translocations
 - Level 8.0 Transmutations
 O Level 27 Invocations


You had 24 spell levels left.
You knew the following spells:

 Your Spells              Type           Power      Damage    Failure   Level
a - Blink                 Tloc           100%       N/A       1%          2
b - Manifold Assault      Tloc           58%        N/A       1%          4
c - Wereblood             Tmut           34%        N/A       7%          2
d - Apportation           Tloc           100%       N/A       1%          1
e - Passage of Golubria   Tloc           58%        N/A       1%          4

Your spell library contained the following spells:

 Spells                   Type           Power      Damage    Failure   Level
 Lesser Beckoning         Tloc           100%       N/A       1%          2
 Gell's Gravitas          Tloc           58%        N/A       1%          3
 Teleport Other           Tloc           58%        N/A       1%          3
 Portal Projectile        Hex/Tloc       68%        N/A       13%         3
 Vhi's Electric Charge    Tloc/Air       68%        N/A       13%         3
 Sting                    Tmut/Pois      76%        1d6       22%         1
 Dispersal                Tloc           29%        N/A       26%         6
 Passwall                 Tmut/Erth      15%        N/A       34%         2
 Kindle Blastsparks       Fire/Tloc/Air  48%        2d14      38%         3
 Spider Form              Tmut/Pois      19%        N/A       56%         3
 Foxfire                  Conj/Fire      20%        2x1d5     75%         1
 Freeze                   Ice            20%        1d4       75%         1
 Kiss of Death            Conj/Necr      20%        2d7       75%         1
 Magic Dart               Conj           20%        1d4       75%         1
 Necrotise                Necr           20%        1d5       75%         1
 Sandblast                Erth           10%        2d5       75%         1
 Shock                    Conj/Air       20%        1d4       75%         1
 Summon Small Mammal      Summ           20%        N/A       75%         1
 Ignite Poison            Fire/Tmut/Pois 14%        N/A       77%         3
 Blade Hands              Tmut           17%        N/A       77%         5
 Summon Forest            Summ/Tloc      17%        N/A       77%         5
 Call Imp                 Summ           5%         N/A       87%         2
 Cigotuvi's Dreadful Rot  Necr/Pois/Air  10%        N/A       87%         2
 Ensorcelled Hibernation  Hex/Ice        10%        N/A       87%         2
 Poisonous Vapours        Pois/Air       10%        N/A       87%         2
 Scorch                   Fire           10%        2d5       87%         2
 Searing Ray              Conj           10%        2d4       87%         2
 Static Discharge         Conj/Air       10%        2-3/arc   87%         2
 Sublimation of Blood     Necr           5%         N/A       87%         2
 Ice Form                 Ice/Tmut       19%        N/A       92%         4
 Petrify                  Tmut/Erth      19%        N/A       92%         4
 Call Canine Familiar     Summ           5%         N/A       98%         3
 Confusing Touch          Hex            5%         N/A       98%         3
 Frozen Ramparts          Ice            10%        1d2       98%         3
 Hailstorm                Conj/Ice       5%         3d4       98%         3
 Mephitic Cloud           Conj/Pois/Air  5%         N/A       98%         3
 Swiftness                Air            5%         N/A       98%         3
 Tukima's Dance           Hex            5%         N/A       98%         3
 Vampiric Draining        Necr           5%         2d6       98%         3
 Alistair's Intoxication  Tmut/Pois      12%        N/A       99%         5
 Irradiate                Conj/Tmut      9%         3d14      99%         5
 Yara's Violent Unravell  Hex/Tmut       9%         3d6       99%         5
 Airstrike                Air            2%         2d(1-17)  100%        4
 Anguish                  Hex/Necr       2%         N/A       100%        4
 Animate Armour           Summ/Erth      10%        N/A       100%        4
 Animate Dead             Necr           5%         N/A       100%        4
 Cause Fear               Hex            2%         N/A       100%        4
 Dispel Undead            Necr           5%         3d7       100%        4
 Flame Wave               Conj/Fire      5%         2d5       100%        4
 Fulminant Prism          Conj/Hex       2%         3d5       100%        4
 Leda's Liquefaction      Hex/Erth       2%         N/A       100%        4
 Olgreb's Toxic Radiance  Pois           5%         N/A       100%        4
 Sticky Flame             Conj/Fire      5%         2d3       100%        4
 Summon Ice Beast         Ice/Summ       5%         N/A       100%        4
 Summon Lightning Spire   Summ/Air       5%         N/A       100%        4
 Agony                    Necr           5%         N/A       100%        5
 Arcjolt                  Conj/Air       2%         1d12      100%        5
 Borgnjor's Vile Clutch   Necr/Erth      2%         N/A       100%        5
 Fireball                 Conj/Fire      2%         3d4       100%        5
 Freezing Cloud           Conj/Ice/Air   2%         6-21      100%        5
 Iskenderun's Battlesphe  Conj           5%         2d6       100%        5
 Lee's Rapid Deconstruct  Erth           2%         3d5*      100%        5
 Lightning Bolt           Conj/Air       2%         1d14      100%        5
 Silence                  Hex/Air        2%         N/A       100%        5
 Conjure Ball Lightning   Conj/Air       2%         3x3d6     100%        6
 Death Channel            Necr           2%         N/A       100%        6
 Eringya's Noxious Bog    Tmut/Pois      9%         N/A       100%        6
 Iron Shot                Conj/Erth      2%         9d2       100%        6
 Simulacrum               Ice/Necr       2%         N/A       100%        6
 Starburst                Conj/Fire      2%         6d3       100%        6
 Statue Form              Tmut/Erth      12%        N/A       100%        6
 Summon Cactus Giant      Summ           2%         N/A       100%        6
 Dragon Form              Tmut           17%        N/A       100%        7
 Haunt                    Necr/Summ      2%         N/A       100%        7
 Malign Gateway           Summ/Tloc      17%        N/A       100%        7
 Spellforged Servitor     Conj/Summ      2%         N/A       100%        7
 Storm Form               Tmut/Air       9%         N/A       100%        7
 Summon Hydra             Summ           2%         N/A       100%        7
 Borgnjor's Revivificati  Necr           2%         N/A       100%        8
 Discord                  Hex            2%         N/A       100%        8
 Disjunction              Tloc           29%        N/A       100%        8
 Ignition                 Fire           2%         3d3       100%        8
 Lehudib's Crystal Spear  Conj/Erth      2%         10d2      100%        8
 Maxwell's Capacitive Co  Air            2%         ∞         100%        8
 Necromutation            Tmut/Necr      9%         N/A       100%        8
 Summon Horrible Things   Summ           2%         N/A       100%        8
 Chain Lightning          Conj/Air       2%         3d3       100%        9
 Death's Door             Necr           2%         N/A       100%        9
 Dragon's Call            Summ           2%         N/A       100%        9
 Fire Storm               Conj/Fire      2%         8d1       100%        9
 Shatter                  Erth           2%         3d6*      100%        9


Dungeon Overview and Level Annotations

Branches:
Dungeon (15/15)            Temple (1/1) D:7            Lair (5/5) D:9
 Shoals (4/4) Lair:3       Spider (4/4) Lair:3        Slime (1/5) Lair:5
    Orc (2/2) D:9             Elf (3/3) Orc:2        Vaults (5/5) D:13
  Crypt (3/3) Vaults:2       Tomb (0/3) Crypt:3      Depths (4/4) D:15
    Zot (5/5) Depths:4      IceCv (visited)         Volcano (visited)

Altars:
Ashenzari
Cheibriados
Dithmenos
Fedhas
Gozag
Hepliaklqana
Kikubaaqudgha
Makhleb
Nemelex Xobeh
Okawaru
Qazlal
Ru
Sif Muna
Trog
Uskayaw
Vehumet
Wu Jian
Xom
Yredelemnul
Jiyva

Shops:
D:2 *(*[(   D:7 *   Orc:1 [   Orc:2 ([*:   Elf:2 *   Shoals:3 [   Vaults:2 (
Vaults:5 ?   Depths:3 :   Depths:4 (((

Portals:
Hell: Depths:1 Depths:2 Depths:3 Depths:4
Abyss: Depths:2 Depths:3
Pandemonium: Depths:2
Ziggurat: Depths:3

Annotations:
Elf:1 Roxanne
Depths:1 exclusion: 2 doors, Bai Suzhen


Innate Abilities, Weirdness & Mutations

You are completely covered in molten scales. (AC +4, rF+)
A powerful demonic guardian rushes to your aid.
You are extremely robust. (+30% HP)
Spells you cast and wands you use may paralyse nearby enemies.
Your touch may irresistibly damage your foes and sap their willpower.
Your body sometimes deteriorates upon taking damage.


Message History

There is a stone staircase leading down here.
(D) Dungeon (T) Temple (L) Lair (A) Shoals (N) Spider Nest (M) Slime Pits (O) Orcish Mines (E) Elven Halls (V) Vaults (C) Crypt (W) Tomb (U) Depths (H) Hell (Z) Zot
Where to? (Enter - D:1 @ (x,y), ? - help)
There is a stone staircase leading up here.
You climb upwards.
There is a stone staircase leading down, spattered with blood here.
You see here a howler monkey skeleton.
There is a stone staircase leading up here.
You climb upwards.
There is a stone staircase leading down here.
There is a stone staircase leading up here.
You climb upwards.
There is a stone staircase leading down here.
There is a stone staircase leading up here.
You climb upwards.
There is a stone staircase leading down here.
There is a stone staircase leading up here.
You climb upwards.
There is a stone staircase leading down here.
A hellion comes into view.
You closely miss the hellion. You sock the hellion!
The hellion is moderately wounded.
You bludgeon the hellion!!
The hellion is almost dead.
You block the hellion's attack.
You bludgeon the hellion!!
You kill the hellion!
Makhleb accepts your kill.
(D) Dungeon (T) Temple (L) Lair (A) Shoals (N) Spider Nest (M) Slime Pits (O) Orcish Mines (E) Elven Halls (V) Vaults (C) Crypt (W) Tomb (U) Depths (H) Hell (Z) Zot
Where to? (Enter - D:1 @ (x,y), ? - help)
There is a stone staircase leading up here.
You climb upwards.
There is a stone staircase leading down here.
You see here a +0 whip.
There is a stone staircase leading up here.
You climb upwards.
There is a stone staircase leading down here.
There is a staircase leading out of the dungeon here.
You have escaped!

..# #................)......#.#
..# #.#..###.#..#.##.###..#.#.#
..# #.##.#..###.#.##...#.##.#.#
..# #..#........#........#..#.#
..####...######.#.######...##.#
...####...## #...# ##...##..#
....####...## ##### ##.).###.##
.)....###...###...###...## #.#
..###...##...#..@..#...## #.#
..# ###..##...........## #.#
..######..###...#....## ###.#
......###..########### ###...#
......# ##......# #...###
......# #..###.# ###.###
#.#...####....#.# #...#
................# ##.###
#.#...####.###..#####..###


There were no monsters in sight!

Vanquished Creatures
  4 dread liches
  An orb of fire (Zot:5)
  A juggernaut (Depths:4)
  Josephina (Depths:2)
  Frederick (Vaults:5)
  2 Killer Klowns (Zot:5)
  Parghit (Zot:1)
  Margery (Crypt:2)
  2 curse toes
  6 golden dragons
  2 bone dragons (Crypt:3)
  3 electric golems
  An Ice Fiend (Zot:3)
  Jorgrun (Elf:1)
  11 tentacled monstrosities
  15 Orb Guardians
  A deep elf blademaster (Elf:3)
  4 liches
  Asterion (Vaults:2)
  An acid blob (Slime:1)
  2 deep elf master archers (Elf:3)
  6 quicksilver dragons
  A kraken (Shoals:4)
  5 sphinxes
  9 ancient champions
  8 shadow dragons
  Frances (Shoals:1)
  6 storm dragons
  3 death cobs
  10 fire giants
  6 tengu reavers
  A draconian monk (Zot:5)
  4 revenants
  4 draconian knights
  15 vault wardens
  2 deep elf sorcerers (Elf:3)
  5 iron dragons
  2 draconian scorchers
  3 emperor scorpions
  12 frost giants
  A ghost moth (Zot:5)
  Louise (Shoals:4)
  2 balrugs
  2 draconian shifters
  A curse skull (Crypt:3)
  A juggernaut zombie (Crypt:3)
  Aizul (Elf:1)
  4 orc warlords
  2 spriggan defenders
  8 deep elf elementalists
  A draconian annihilator (Zot:5)
  A spectral caustic shrike (Depths:3)
  3 draconian stormcallers
  2 war gargoyles (Vaults:2)
  4 broodmothers
  16 ironbound preservers
  An ophan (Depths:1)
  A juggernaut skeleton (Crypt:1)
  13 stone giants
  2 reapers (Crypt:3)
  12 very ugly things
  7 vampire knights
  An elemental wellspring (Shoals:2)
  5 ironbound thunderhulks
  6 white draconians
  6 deep elf demonologists
  7 purple draconians
  6 green draconians
  5 black draconians
  Azrael (Elf:1)
  4 yellow draconians (Zot:2)
  4 deep elf annihilators (Elf:3)
  5 red draconians
  7 spark wasps
  4 dire elephants
  A merfolk javelineer (Shoals:4)
  12 deep elf death magi
  2 merfolk impalers
  A mummy priest (Crypt:3)
  9 ettins
  8 fire dragons
  3 entropy weavers
  24 vault guards
  7 deep elf high priests
  2 spriggan zombies (Crypt:3)
  5 great orbs of eyes
  The ghost of drewk1942 the Cleaver, a journeyman MiFi of Wu Jian (D:10)
  15 yaktaur captains
  15 jiangshi
  7 ice dragons
  2 radroaches (Spider:4)
  4 rakshasas
  A catoblepas (Lair:1)
  7 hydras
  An ice dragon (shapeshifter) (Depths:3)
  2 merfolk avatars (Shoals:4)
  A quicksilver dragon skeleton (Crypt:1)
  5 two-headed ogres
  An ogre mage (D:13)
  3 jorogumos
  A death knight (Crypt:3)
  3 merfolk aquamancers
  7 tengu warriors
  9 centaur warriors
  11 ironbound frosthearts
  7 boulder beetles
  9 deep troll shamans
  4 satyrs
  17 dancing weapons
  7 death yaks
  7 deep troll earth magi
  4 orc high priests
  A titan zombie (Crypt:3)
  2 sun demons (Depths:4)
  6 vampire magi
  2 soul eaters (Crypt:3)
  6 spriggan berserkers
  6 skysharks
  13 hell knights
  An emperor scorpion zombie (Crypt:3)
  A shock serpent (shapeshifter) (Vaults:5)
  7 iron trolls
  15 deep elf knights
  A sixfirhy (Depths:2)
  26 skeletal warriors
  A spark wasp zombie (Crypt:1)
  3 pharaoh ants
  10 sea snakes
  A salamander mystic (Depths:4)
  3 flayed ghosts
  A death drake (Vaults:1)
  4 sun moths
  A goliath frog (Lair:5)
  3 glowing orange brains
  A golden dragon skeleton (Crypt:2)
  11 wizards
  10 deep elf archers
  57 deep trolls
  6 steelbarb worms
  6 orb spiders
  Pikel (D:6)
  11 ironbound convokers
  5 lindwurms
  7 phantasmal warriors
  27 deep elf zephyrmancers
  A bunyip skeleton (Crypt:3)
  9 orc knights
  6 harpies
  19 wolf spiders
  8 necromancers
  An orange crystal statue (IceCv)
  14 deep elf pyromancers
  6 orc sorcerers
  4 cyclopes
  12 fauns
  15 moths of wrath
  33 ugly things
  10 manticores
  A stone giant zombie (Crypt:3)
  3 shining eyes (Depths:1)
  A tengu skeleton (Vaults:4)
  3 salamanders (Depths:4)
  A human skeleton (Vaults:1)
  A rust devil (Depths:2)
  7 torpor snails
  2 merfolk sirens
  2 demonic crawlers (Spider:4)
  4 black mambas
  2 ice statues (Elf:1)
  3 water nymphs
  17 elephants
  A gargoyle (D:14)
  A naga mage (Vaults:1)
  27 cane toads
  7 vault sentinels
  2 smoke demons (Depths:2)
  A hellion (D:3)
  7 komodo dragons
  2 naga skeletons
  4 freezing wraiths
  An unseen horror (D:12)
  17 rime drakes
  46 yaktaurs
  An alligator snapping turtle skeleton (Crypt:3)
  A yaktaur zombie (Vaults:1)
  2 human zombies
  4 tengu conjurers
  2 mana viper zombies
  A yaktaur skeleton (Vaults:4)
  A golden dragon simulacrum (Depths:2)
  5 guardian mummies (Crypt:3)
  An iron troll skeleton (Crypt:3)
  14 polar bears (IceCv)
  A merfolk (shapeshifter) (Vaults:5)
  A tengu simulacrum (Vaults:4)
  9 meliai
  2 wind drakes
  13 merfolk
  6 trolls
  A hellwing (Depths:2)
  8 hornets
  35 tarantellas
  7 snapping turtles
  An iron dragon simulacrum (Depths:2)
  9 dream sheep
  17 blink frogs
  41 slime creatures
  Sigmund (D:2)
  29 jumping spiders
  A jumping spider (shapeshifter) (Elf:3)
  A stone giant simulacrum (Vaults:4)
  2 centaur simulacra
  3 air elementals
  3 flying skulls (Crypt:1)
  24 culicivoras
  19 water elementals
  A fire dragon skeleton (Crypt:3)
  5 spriggans
  A vampire (D:12)
  3 ynoxinuls (Depths:2)
  2 fire elementals (Elf:1)
  82 yaks
  An ice dragon skeleton (Crypt:2)
  6 wraiths
  2 golden eyes (Depths:1)
  4 hogs (D:8)
  Grum (D:9)
  A basilisk (shapeshifter) (Vaults:5)
  3 wyverns
  38 redbacks
  2 basilisks (Vaults:1)
  A human (D:8)
  14 vampire mosquitoes
  2 chaos spawn (Depths:2)
  Menkaure (D:6)
  A fire bat zombie (Crypt:1)
  A swamp worm (shapeshifter) (Depths:2)
  2 wargs
  A harpy simulacrum (Crypt:3)
  2 demonspawn skeletons
  7 floating eyes
  5 hell hounds (Elf:1)
  21 water moccasins
  A water nymph skeleton (Crypt:3)
  A cane toad zombie (Crypt:1)
  A deep troll skeleton (Crypt:1)
  An acid dragon (D:8)
  An elephant zombie (Crypt:1)
  A sky beast (shapeshifter) (D:15)
  2 sky beasts
  An orc zombie (Vaults:1)
  2 black bears
  23 orc warriors
  2 spriggan simulacra
  2 ice beasts
  5 ogres
  12 wolves
  A boggart (Vaults:2)
  9 centaurs
  A lemure (D:6)
  4 phantoms
  A kobold brigand (D:10)
  17 bullfrogs
  5 earth elementals
  A gnoll sergeant (D:10)
  A glowing shapeshifter simulacrum (Depths:2)
  2 scorpions
  9 wights
  A cyclops skeleton (Crypt:2)
  A warg zombie (Crypt:3)
  A water moccasin skeleton (Crypt:2)
  2 vampire bats (Lair:2)
  11 howler monkeys
  2 spriggan skeletons (Crypt:3)
  7 electric eels
  Crazy Yiuf (D:7)
  24 orc priests
  3 hounds
  A gnoll bouda (D:4)
  3 jellies
  2 sleepcaps
  4 iguanas
  23 orc wizards
  3 hell rats (Lair:3)
  A deep dwarf skeleton (Crypt:2)
  10 mummies (Crypt:3)
  Robin (D:2)
  A howler monkey skeleton (Crypt:2)
  12 gnolls
  4 adders
  A shadow imp (D:8)
  A steam dragon skeleton (Crypt:1)
  2 white imps
  2 ufetubi
  A worm (D:4)
  2 dart slugs (D:2)
  81 orcs
  8 endoplasms
  6 giant cockroaches
  15 goblins
  8 hobgoblins
  3 jackals (D:5)
  2 quokkas
  9 ball pythons
  A ball python skeleton (Crypt:2)
  9 bats
  5 frilled lizards
  14 kobolds
  A kobold skeleton (Crypt:1)
  4 rats
  A river rat skeleton (Crypt:1)
  3 ball lightnings (Elf:1)
  2 tentacles (Shoals:4)
1975 creatures vanquished.

Vanquished Creatures (collateral kills)
  Mara (Vaults:3)
  An ancient lich (Vaults:4)
  Mennas (Vaults:4)
  A Killer Klown (Zot:5)
  Vv (Crypt:2)
  A golden dragon (Depths:2)
  4 titans (Vaults:5)
  An Orb Guardian (Zot:3)
  A deep elf blademaster (Elf:3)
  A quicksilver dragon (Zot:1)
  3 ancient champions
  A death cob (Zot:1)
  A sphinx (Vaults:2)
  4 shadow dragons
  The ghost of Baxzics the Sorcerer, an adept DECj of Vehumet (Spider:2)
  A tengu reaver (Vaults:5)
  Donald (Spider:3)
  A storm dragon (Vaults:5)
  A draconian knight (Depths:4)
  6 vault wardens
  A deep elf sorcerer (Vaults:2)
  2 emperor scorpions (Spider:4)
  3 spectral caustic shrikes (Depths:3)
  A ghost moth (Spider:2)
  2 frost giants (Vaults:5)
  3 deep elf elementalists (Elf:3)
  A draconian shifter (Zot:2)
  3 ironbound preservers
  4 war gargoyles
  2 stone giants
  2 spriggan defenders
  A draconian stormcaller (Zot:1)
  2 very ugly things
  A green draconian (Zot:5)
  A vampire knight (Crypt:2)
  2 deep elf demonologists (Elf:3)
  2 black draconians (Zot:1)
  2 yellow draconians
  2 elemental wellsprings (Shoals:2)
  3 white draconians
  3 deep elf annihilators (Elf:3)
  A purple draconian (Zot:5)
  2 spark wasps
  An eidolon (Crypt:2)
  3 red draconians
  3 dire elephants
  A deep elf death mage (Elf:3)
  An ettin (Vaults:5)
  A mummy priest (Crypt:3)
  A merfolk javelineer (Shoals:4)
  An ettin (shapeshifter) (Depths:3)
  2 fire dragons
  2 jiangshi (Crypt:1)
  A merfolk impaler (Shoals:3)
  A yaktaur captain (Vaults:5)
  An ice dragon (Depths:4)
  9 vault guards
  3 great orbs of eyes
  A merfolk avatar (Shoals:3)
  2 centaur warriors
  2 jorogumos
  2 peacekeepers (Vaults:2)
  3 spriggan air magi
  An ironbound frostheart (Vaults:3)
  A hell beast (Zot:3)
  3 two-headed ogres
  3 merfolk aquamancers
  4 boulder beetles
  A death scarab (Depths:3)
  4 dancing weapons (Elf:2)
  A vampire mage (Crypt:1)
  3 death yaks
  A deep troll earth mage (Depths:4)
  2 orc high priests (Orc:2)
  A skyshark (Lair:5)
  3 hell knights
  2 deep elf knights
  A spriggan (Depths:4)
  2 iron trolls (Depths:3)
  2 goliath frogs (Lair:5)
  8 deep trolls
  3 sea snakes
  4 skeletal warriors
  3 pharaoh ants
  4 orb spiders (Spider:4)
  A spriggan simulacrum (Crypt:3)
  3 wizards
  A deep troll (shapeshifter) (Vaults:5)
  A phantasmal warrior (Vaults:1)
  4 harpies
  3 deep elf pyromancers
  2 necromancers
  4 wolf spiders
  An orc knight (Vaults:5)
  13 ugly things
  A mana viper (Vaults:1)
  An orc sorcerer (Orc:2)
  5 ironbound convokers
  3 cyclopes
  9 fauns
  2 moths of wrath
  3 manticores
  An elephant (Lair:5)
  4 vault sentinels
  3 water nymphs
  3 merfolk sirens
  3 demonic crawlers
  3 cane toads
  A torpor snail (Spider:1)
  An eye of devastation (Depths:1)
  A rime drake (IceCv)
  A freezing wraith (Vaults:2)
  8 yaktaurs
  A minotaur skeleton (Crypt:2)
  An efreet (D:15)
  14 merfolk
  A hornet (Depths:4)
  2 blink frogs (Lair:2)
  7 tarantellas
  A tyrant leech (Lair:5)
  A wind drake (Shoals:4)
  4 snapping turtles
  5 dream sheep
  6 slime creatures
  6 jumping spiders
  2 flying skulls (Crypt:1)
  2 air elementals
  A shadow (D:10)
  3 water elementals
  3 culicivoras
  3 yaks (D:6)
  A golden eye (Depths:1)
  An ushabti (Crypt:3)
  8 redbacks
  A chaos spawn (Depths:2)
  A water moccasin (Lair:3)
  A floating eye (Depths:2)
  9 orc warriors
  An ogre (D:6)
  A wolf (Lair:1)
  5 centaurs
  2 bullfrogs
  A gnoll sergeant (D:5)
  4 orc priests
  An iguana (D:6)
  3 orc wizards
  2 hell rats (Lair:3)
  A howler monkey zombie (Crypt:3)
  2 mummies (Crypt:3)
  A gnoll (D:4)
  2 adders (D:2)
  13 orcs
  A ball python (D:2)
388 creatures vanquished.

Vanquished Creatures (others)
  A tentacled monstrosity (Vaults:5)
  A fire giant (Depths:1)
  3 deep elf knights
  2 deep elf zephyrmancers
  A manticore (Shoals:3)
  A tarantella (Spider:3)
  A centaur (Volcano)
  An orc (Elf:1)
  14 ball lightnings (Elf:1)
  49 bushes
  26 fungi
  372 plants
  4 tentacles (Shoals:4)
  30 withered plants (Lair:5)
506 creatures vanquished.

Grand Total: 2869 creatures vanquished

Notes
Turn   | Place    | Note
-------+----------+-------------------------------------------
     0 | D:1      | Datul the Demonspawn Warper began the quest for the Orb.
     0 | D:1      | Reached XP level 1. HP: 16/16 MP: 3/3
   156 | D:1      | Gained mutation: A weak demonic guardian rushes to your
                  | aid. [demonic ancestry]
   156 | D:1      | Reached XP level 2. HP: 18/22 MP: 5/5
   780 | D:2      | Reached XP level 3. HP: 15/27 MP: 6/6
  1124 | D:2      | Found Eble Dogyq's Assorted Antiques.
  1125 | D:2      | Identified the +2 helmet of Honour {Regen+}
  1125 | D:2      | Noticed Robin
  1167 | D:2      | Killed Robin
  1168 | D:2      | Gained mutation: You are partially covered in molten
                  | scales. (AC +2) [demonic ancestry]
  1168 | D:2      | Reached XP level 4. HP: 21/33 MP: 7/7
  1235 | D:2      | Noticed Sigmund
  1301 | D:2      | Killed Sigmund
  1302 | D:2      | Reached skill level 5 in Maces & Flails
  1302 | D:2      | Gained mutation: Your touch may inflict minor irresistible
                  | damage on your foes. [demonic ancestry]
  1302 | D:2      | Reached XP level 5. HP: 35/38 MP: 8/8
  1388 | D:2      | Reached XP level 6. HP: 42/44 MP: 9/9
  1430 | D:2      | Found Guetroem's General Store.
  1475 | D:2      | Found Yfraw's Antique Armour Shoppe.
  1494 | D:2      | Found Mulukh's Antique Weapon Boutique.
  1520 | D:2      | Learned a level 2 spell: Blink
  1548 | D:2      | Found Voyzunto's Weapon Emporium.
  1566 | D:2      | Identified the +5 hand axe "Mariuta" {holy, rCorr}
  1935 | D:3      | Found a broken altar of Ashenzari.
  2722 | D:4      | Reached XP level 7. HP: 44/55 MP: 10/10
  2763 | D:4      | Reached skill level 5 in Fighting
  3215 | D:2      | Bought a golden potion for 22 gold pieces
  3215 | D:2      | Bought a viscous inky potion for 22 gold pieces
  3215 | D:2      | Bought a scroll labelled WOELUZ ZUIS for 25 gold pieces
  3289 | D:5      | Entered Level 5 of the Dungeon
  3428 | D:5      | Gained mutation: Your touch may inflict irresistible damage
                  | on your foes. [demonic ancestry]
  3428 | D:5      | Reached XP level 8. HP: 63/67 MP: 11/11
  3451 | D:5      | Found an ancient bone altar of Kikubaaqudgha.
  3564 | D:5      | HP: 1/67 [gnoll sergeant/+0 trident of venom (12)]
  3781 | D:5      | You fall into a shaft and drop 3 floors!
  3781 | D:8      | Found a sparkling altar of Nemelex Xobeh.
  3781 | D:8      | Found an ornate altar of the Wu Jian Council.
  3781 | D:8      | Found a hide-covered altar of Uskayaw.
  3781 | D:8      | Found a sacrificial altar of Ru.
  3781 | D:8      | Found a radiant altar of Vehumet.
  3782 | D:8      | Found a hazy altar of Hepliaklqana.
  4453 | D:6      | Learned a level 4 spell: Manifold Assault
  4458 | D:6      | Reached skill level 5 in Translocations
  4468 | D:6      | Gained mutation: A demonic guardian rushes to your aid.
                  | [demonic ancestry]
  4468 | D:6      | Reached XP level 9. HP: 45/75 MP: 4/12
  4514 | D:5      | Upgraded the game from 0.30-a0-860-g512cf1e979 to
                  | 0.30-a0-862-g1aabd4f9c5
  4765 | D:6      | Noticed Menkaure
  4790 | D:6      | Killed Menkaure
  4794 | D:6      | Learned a level 2 spell: Wereblood
  4930 | D:6      | Noticed Pikel
  4952 | D:6      | Killed Pikel
  4953 | D:6      | Reached skill level 10 in Fighting
  5157 | D:7      | Found a shadowy altar of Dithmenos.
  5180 | D:7      | Found a staircase to the Ecumenical Temple.
  5189 | Temple   | Entered the Ecumenical Temple
  5392 | Temple   | Became a worshipper of Makhleb the Destroyer
  5425 | D:7      | Reached skill level 1 in Invocations
  5505 | D:7      | Found Jotarul's Elemental Accessories.
  5511 | D:7      | Reached skill level 2 in Invocations
  5518 | D:7      | Bought a wand of flame (3) for 27 gold pieces
  5631 | D:7      | Reached XP level 10. HP: 85/85 MP: 13/13
  5857 | D:7      | Found a runed translucent door.
  5858 | D:7      | Noticed Crazy Yiuf
  5867 | D:7      | Killed Crazy Yiuf
  6092 | D:2      | Bought a pitted leather armour for 175 gold pieces
  6092 | D:2      | Identified the +1 leather armour of Weycvidwai {Regen+
                  | Str+3} (You bought it in a shop on level 2 of the Dungeon)
  6248 | D:7      | Paralysed by a hornet for 3 turns
  6256 | D:7      | Reached skill level 3 in Invocations
  6392 | D:8      | Reached skill level 4 in Invocations
  6533 | D:8      | Noticed a two-headed ogre
  6540 | D:8      | Reached * piety under Makhleb
  6545 | D:8      | Killed a two-headed ogre
  6546 | D:8      | Reached skill level 5 in Invocations
  6806 | D:8      | Reached skill level 6 in Invocations
  7036 | D:9      | Found a staircase to the Lair.
  7036 | D:9      | Noticed a two-headed ogre
  7052 | D:9      | Killed a two-headed ogre
  7053 | D:9      | Reached skill level 7 in Invocations
  7053 | D:9      | Reached XP level 11. HP: 48/91 MP: 2/16
  7058 | D:9      | Identified the +1 ring mail of the Marlin {-Cast Fly Str-5
                  | Dex+6}
  7154 | D:9      | Found a staircase to the Orcish Mines.
  7295 | D:9      | Noticed Grum
  7308 | D:9      | Killed Grum
  7508 | D:10     | Entered Level 10 of the Dungeon
  7679 | D:10     | Reached ** piety under Makhleb
  7680 | D:10     | Reached skill level 8 in Invocations
  7974 | D:10     | Found a runed translucent gate.
  7974 | D:10     | Found a runed translucent gate.
  7974 | D:10     | Found a runed translucent gate.
  7975 | D:10     | Noticed drewk1942's ghost (journeyman MiFi)
  7975 | D:10     | Noticed an 11-headed hydra
  8104 | D:10     | Reached skill level 9 in Invocations
  8372 | Lair:1   | Entered Level 1 of the Lair of Beasts
  8408 | Lair:1   | Reached skill level 10 in Translocations
  8427 | Lair:1   | Noticed a catoblepas
  8463 | Lair:1   | Killed a catoblepas
  8464 | Lair:1   | Reached skill level 1 in Transmutations
  9382 | Lair:2   | Reached skill level 10 in Invocations
  9477 | Lair:2   | Reached *** piety under Makhleb
  9537 | Lair:2   | Gained mutation: You are mostly covered in molten scales.
                  | (AC +3) [demonic ancestry]
  9537 | Lair:2   | Reached XP level 12. HP: 89/97 MP: 19/19
  9692 | Lair:2   | Reached skill level 11 in Invocations
  9750 | Lair:2   | Noticed a seven-headed hydra
  9802 | Lair:2   | Killed a seven-headed hydra
  9803 | Lair:2   | Reached skill level 10 in Maces & Flails
 10010 | Lair:2   | Reached skill level 12 in Invocations
 10145 | Lair:2   | Noticed an eight-headed hydra
 10163 | Lair:2   | Killed an eight-headed hydra
 10365 | Lair:2   | Reached skill level 13 in Invocations
 10505 | Lair:2   | Reached **** piety under Makhleb
 10565 | Lair:2   | Noticed a four-headed hydra
 10575 | Lair:2   | Killed a four-headed hydra
 10588 | Lair:2   | Got the Precepts of the Wind and Toxins
 10822 | Lair:3   | Noticed a death yak
 10822 | Lair:3   | Noticed a death yak
 10843 | Lair:3   | Killed a death yak
 10846 | Lair:3   | Noticed a death yak
 10855 | Lair:3   | Noticed a death yak
 10855 | Lair:3   | Killed a death yak
 10857 | Lair:3   | Noticed a death yak
 10868 | Lair:3   | Killed a death yak
 10869 | Lair:3   | Gained mutation: Your touch may irresistibly damage your
                  | foes and sap their willpower. [demonic ancestry]
 10869 | Lair:3   | Reached XP level 13. HP: 72/103 MP: 23/23
 10875 | Lair:3   | Reached skill level 14 in Invocations
 11082 | Lair:3   | Reached skill level 1 in Armour
 11311 | Lair:3   | Reached skill level 15 in Invocations
 11348 | Lair:3   | Found a hole to the Spider Nest.
 11465 | Lair:3   | Found a staircase to the Shoals.
 12171 | Lair:4   | Reached skill level 16 in Invocations
 12252 | Lair:4   | Reached skill level 5 in Armour
 12991 | Lair:5   | Entered Level 5 of the Lair of Beasts
 12991 | Lair:5   | Found a viscous altar of Jiyva.
 12991 | Lair:5   | Found a staircase to the Slime Pits.
 13151 | Lair:5   | Reached skill level 17 in Invocations
 13151 | Lair:5   | Gained mutation: Spells you cast may paralyse adjacent
                  | enemies. [demonic ancestry]
 13151 | Lair:5   | Reached XP level 14. HP: 37/110 MP: 26/26
 13241 | Lair:5   | Reached ***** piety under Makhleb
 13768 | Lair:5   | Reached skill level 18 in Invocations
 14627 | Orc:1    | Entered Level 1 of the Orcish Mines
 14672 | Orc:1    | Found a dark tunnel.
 14682 | Volcano  | Entered a volcano
 14767 | Volcano  | Found a radiant altar of Vehumet.
 14848 | Volcano  | Reached skill level 19 in Invocations
 15037 | Orc:1    | Found Xosier's Armour Shoppe.
 15332 | Orc:1    | Paralysed by an orc sorcerer for 5 turns
 15334 | Orc:1    | Noticed an orc warlord
 15428 | Orc:1    | Reached skill level 1 in Shields
 15439 | Orc:1    | Killed an orc warlord
 15787 | Orc:2    | Entered Level 2 of the Orcish Mines
 15809 | Orc:2    | Found a staircase to the Elven Halls.
 16239 | Orc:2    | Noticed an orc warlord
 16446 | Orc:2    | Killed an orc warlord
 16447 | Orc:2    | Gained mutation: You are completely covered in molten
                  | scales. (AC +4, rF+) [demonic ancestry]
 16447 | Orc:2    | Reached XP level 15. HP: 67/115 MP: 28/28
 16638 | Orc:2    | Reached skill level 10 in Armour
 16715 | Orc:2    | Found Uroprix's Antique Armour Boutique.
 16721 | Orc:2    | Found Qaupsaoz's Antique Weapon Shop.
 16723 | Orc:2    | Found Varr's General Store.
 16723 | Orc:2    | Found Ezono's Book Boutique.
 16741 | Orc:2    | Bought an ichor-stained chain mail for 161 gold pieces
 16741 | Orc:2    | Identified the +1 chain mail "Uliujeut" {rPois rF+ Str+3
                  | Stlth-} (You bought it in a shop on level 2 of the Orcish
                  | Mines)
 16741 | Orc:2    | Bought a smelly chain mail for 161 gold pieces
 16741 | Orc:2    | Identified the +4 chain mail "Tozoul" {rN+} (You bought it
                  | in a shop on level 2 of the Orcish Mines)
 17533 | D:11     | Reached ****** piety under Makhleb
 18678 | D:13     | Reached skill level 20 in Invocations
 18834 | D:13     | Reached skill level 5 in Transmutations
 18874 | D:13     | Reached skill level 5 in Shields
 18996 | D:13     | Identified the +8 rapier of Dust {distort, rElec Str+2
                  | Dex-2}
 19138 | D:13     | Found a gate to the Vaults.
 20286 | D:15     | Entered Level 15 of the Dungeon
 20481 | D:15     | Found a stormy altar of Qazlal.
 21417 | D:15     | Reached XP level 16. HP: 93/122 MP: 30/30
 21588 | Spider:1 | Entered Level 1 of the Spider Nest
 21755 | Shoals:1 | Entered Level 1 of the Shoals
 22188 | Shoals:1 | Noticed Frances
 22194 | Shoals:1 | Killed Frances
 23633 | Shoals:3 | Found Mexkycha's Antique Armour Shop.
 23928 | Shoals:4 | Entered Level 4 of the Shoals
 23928 | Shoals:4 | Noticed Louise
 23946 | Shoals:4 | Killed Louise
 24461 | Shoals:4 | Gained mutation: Spells you cast may paralyse nearby
                  | enemies. [demonic ancestry]
 24461 | Shoals:4 | Reached XP level 17. HP: 120/128 MP: 31/31
 24483 | Shoals:4 | Reached skill level 10 in Shields
 24527 | Shoals:4 | Identified the +2 robe "Kuism" {Harm Will+ Dex+3}
 24586 | Shoals:4 | Reached skill level 5 in Spellcasting
 24767 | Shoals:4 | Got a barnacled rune of Zot
 24840 | Shoals:4 | Noticed a kraken
 24850 | Shoals:4 | Killed a kraken
 26583 | Spider:2 | Found a runed translucent door.
 26583 | Spider:2 | Noticed Baxzics's ghost (adept DECj)
 26601 | Spider:2 | Reached skill level 21 in Invocations
 26708 | Spider:2 | You fall into a shaft and drop 1 floor!
 26715 | Spider:3 | Noticed Donald
 26732 | Spider:3 | Killed Donald
 27517 | Spider:3 | Gained mutation: You are robust. (+10% HP) [demonic
                  | ancestry]
 27517 | Spider:3 | Reached XP level 18. HP: 126/148 MP: 7/32
 28414 | Spider:4 | Entered Level 4 of the Spider Nest
 28671 | Spider:4 | HP: 5/148 [disintegration (45)]
 29094 | Spider:4 | Reached skill level 22 in Invocations
 29118 | Spider:4 | Got a gossamer rune of Zot
 29592 | Vaults:1 | Entered Level 1 of the Vaults
 29952 | Vaults:1 | Paralysed by a great orb of eyes for 3 turns
 29974 | Vaults:1 | Found the -2 hat of the Alchemist {rElec rPois rF+ rC+ rN+
                  | Will+ rMut rCorr}
 30155 | Vaults:1 | Got the Anthology of Austromancy
 30676 | Vaults:1 | Reached skill level 15 in Maces & Flails
 30921 | Vaults:1 | Got the Precepts of Oromancy
 31119 | Vaults:1 | Reached XP level 19. HP: 117/154 MP: 1/34
 31125 | Vaults:1 | Reached skill level 23 in Invocations
 31319 | Vaults:1 | Got Ciavvill's Incunable of Venom
 31539 | Vaults:2 | Found a staircase to the Crypt.
 32267 | Vaults:2 | Found Fat Mios's Antique Weapon Shoppe.
 32270 | Vaults:2 | Bought a polished morningstar for 243 gold pieces
 32270 | Vaults:2 | Identified the +5 morningstar "Amuicesko" {freeze, *Noise
                  | rPois Str+7 Stlth+} (You bought it in a shop on level 2 of
                  | the Vaults)
 32962 | Vaults:2 | You fall into a shaft and drop 1 floor!
 33402 | Vaults:2 | Noticed Asterion
 33415 | Vaults:2 | Killed Asterion
 34556 | Vaults:3 | Learned a level 1 spell: Apportation
 35082 | Vaults:3 | Gained mutation: You are very robust. (+20% HP) [demonic
                  | ancestry]
 35082 | Vaults:3 | Reached XP level 20. HP: 156/183 MP: 32/35
 35338 | Vaults:3 | Identified the amulet of Ceitel {RegenMP rPois rCorr}
 35422 | Vaults:3 | Noticed Mara
 35439 | Vaults:3 | Killed Mara
 38379 | Vaults:4 | Noticed Mennas
 38393 | Vaults:4 | Killed Mennas
 38846 | Elf:1    | Entered Level 1 of the Elven Halls
 38846 | Elf:1    | Noticed Jorgrun
 38847 | Elf:1    | Paralysed by an air elemental for 1 turns
 38852 | Elf:1    | Paralysed by an air elemental for 1 turns
 38854 | Elf:1    | Killed Jorgrun
 38998 | Elf:1    | Found a frozen archway.
 39100 | IceCv    | Entered an ice cave
 39743 | IceCv    | Found the +3 Mad Mage's Maulers {Infuse+∞ VampMP -Cast}
 39992 | Elf:1    | Noticed Aizul
 40013 | Elf:1    | Killed Aizul
 40388 | Elf:1    | Noticed Azrael
 40431 | Elf:1    | Killed Azrael
 40514 | Elf:1    | Paralysed by an air elemental for 1 turns
 40520 | Elf:1    | Paralysed by an air elemental for 1 turns
 40521 | Elf:1    | Reached skill level 15 in Fighting
 40521 | Elf:1    | Reached XP level 21. HP: 201/201 MP: 16/36
 40545 | Elf:1    | Found a runed translucent gate.
 40545 | Elf:1    | Found a runed translucent gate.
 40545 | Elf:1    | Found a runed translucent gate.
 40545 | Elf:1    | Found a runed translucent gate.
 40545 | Elf:1    | Found a runed translucent gate.
 40548 | Elf:1    | Found a runed translucent gate.
 41076 | Elf:1    | Noticed Roxanne
 41778 | Elf:2    | Found Houqy's Assorted Antiques.
 41783 | Elf:2    | Bought a diamond ring for 120 gold pieces
 42012 | Elf:2    | Found a runed translucent gate.
 42012 | Elf:2    | Found a runed translucent gate.
 42012 | Elf:2    | Found a runed translucent gate.
 42801 | Elf:2    | Reached skill level 15 in Armour
 43180 | Elf:3    | Entered Level 3 of the Elven Halls
 43671 | Orc:2    | Bought a scroll of immolation for 56 gold pieces
 43671 | Orc:2    | Bought a scroll of fog for 56 gold pieces
 44936 | Elf:3    | Got the Textbook on the Macabre Swarm
 44949 | Elf:3    | Identified the +2 sling "Osoklitu" {antimagic, Str+4}
 44960 | Elf:3    | Identified the +6 mace of Ismyen {protect, rElec rPois rN+
                  | Int-5}
 45032 | Elf:3    | Identified the +3 scale mail of Compression {Fly rF- rC+
                  | Dex+3}
 45061 | Elf:3    | Identified the ring "Jauqivor" {rPois rF++ rC+ Int+3}
 45063 | Elf:3    | Identified the +6 lajatang "Foj Beas" {spect, rC+ Dex+3}
 45073 | Elf:3    | Identified the +2 great sword of Eboa {pain, rPois Int+2
                  | Stlth-}
 45156 | Elf:3    | Learned a level 4 spell: Passage of Golubria
 45319 | D:10     | Killed drewk1942's ghost
 45546 | D:15     | Found a staircase to the Depths.
 45632 | Depths:1 | Entered Level 1 of the Depths
 45892 | Depths:1 | Reached XP level 22. HP: 102/218 MP: 2/37
 46250 | Depths:1 | Found a gateway to Hell.
 46724 | Depths:1 | Noticed Bai Suzhen
 47145 | Depths:2 | Found a one-way gate to the infinite horrors of the Abyss.
 47230 | Depths:2 | Noticed a golden dragon
 47246 | Depths:2 | Killed a golden dragon
 47362 | Depths:2 | Paralysed by a floating eye for 3 turns
 47813 | Depths:2 | Identified the ring "Pouwoed" {Ice Str+3}
 47813 | Depths:2 | Noticed Josephina
 47827 | Depths:2 | Killed Josephina
 48118 | Depths:2 | Found a one-way gate leading to the halls of Pandemonium.
 48592 | Depths:3 | Found a bloodstained altar of Trog.
 48930 | Depths:3 | Identified a scroll of acquirement
 48959 | Depths:3 | Acquired 1040 gold pieces
 48974 | Depths:3 | Found a snail-covered altar of Cheibriados.
 48975 | Depths:3 | Found a shadowy altar of Dithmenos.
 48976 | Depths:3 | Found an ancient bone altar of Kikubaaqudgha.
 48976 | Depths:3 | Found a basalt altar of Yredelemnul.
 49135 | Depths:3 | Identified the ring of Skepticism {*Slow rC+ AC+4 Int+5
                  | SInv}
 49559 | Depths:3 | Gained mutation: A powerful demonic guardian rushes to your
                  | aid. [demonic ancestry]
 49559 | Depths:3 | Reached XP level 23. HP: 203/211 MP: 38/38
 49604 | Depths:3 | Identified the +7 dagger "Ryrr" {venom, *Rage Int+8 Dex+3
                  | SInv}
 49769 | Depths:3 | Paralysed by a floating eye for 3 turns
 49772 | Depths:3 | Found a one-way gateway to a ziggurat.
 49773 | Depths:3 | Paralysed by a floating eye for 3 turns
 50128 | Depths:3 | Found Doippogg's Book Emporium.
 50251 | Depths:4 | Entered Level 4 of the Depths
 50818 | Depths:4 | Noticed a juggernaut
 50841 | Depths:4 | Killed a juggernaut
 51187 | Depths:4 | Paralysed by a floating eye for 4 turns
 51585 | Depths:4 | Found a shimmering altar of Xom.
 51649 | Depths:4 | Found Igucs's Antique Weapon Boutique.
 51651 | Depths:4 | Found Enuu's Antique Weapon Shop.
 51654 | Depths:4 | Found Byguodyh's Weapon Boutique.
 52169 | Depths:4 | Found a gate to the Realm of Zot.
 52545 | Shoals:3 | Bought a crude crystal plate armour for 2295 gold pieces
 52545 | Shoals:3 | Identified the +1 crystal plate armour of the Orcish Mines
                  | {rC+ Int+3} (You bought it in a shop on level 3 of the
                  | Shoals)
 52833 | Spider:2 | Killed Baxzics's ghost
 53550 | Depths:1 | Paralysed by a floating eye for 2 turns
 53553 | Depths:1 | Paralysed by a floating eye for 2 turns
 53557 | Depths:1 | Paralysed by a floating eye for 2 turns
 53855 | Slime:1  | Entered Level 1 of the Pits of Slime
 54116 | Vaults:5 | Entered Level 5 of the Vaults
 54148 | Vaults:5 | Identified the +3 glaive "Imnaf" {venom, rF+ Dex+3}
 54165 | Vaults:5 | Noticed a dread lich
 54189 | Vaults:5 | Killed a dread lich
 54273 | Vaults:5 | Noticed Frederick
 54359 | Vaults:5 | Killed Frederick
 54552 | Vaults:5 | Noticed an ancient lich
 54590 | Vaults:4 | Killed an ancient lich
 54591 | Vaults:4 | Gained mutation: You are extremely robust. (+30% HP)
                  | [demonic ancestry]
 54591 | Vaults:4 | Reached XP level 24. HP: 142/265 MP: 29/38
 54902 | Vaults:5 | Noticed a dread lich
 54920 | Vaults:5 | Killed a dread lich
 54921 | Vaults:5 | Reached skill level 15 in Translocations
 55092 | Vaults:5 | Identified the +7 quarterstaff of Death's Door {heavy, rF+
                  | Int-4 SInv}
 55208 | Vaults:5 | Got a silver rune of Zot
 55614 | Vaults:5 | Identified the +8 long sword of Execution {speed, Int+3}
 55629 | Vaults:5 | Found Giaf's Magic Scroll Shop.
 55637 | Vaults:5 | Bought a scroll of poison for 88 gold pieces
 55637 | Vaults:5 | Bought a scroll of teleportation for 66 gold pieces
 55969 | Vaults:5 | Identified the +1 falchion of Okhlym {venom, Fly Int+6
                  | SInv}
 56231 | Vaults:5 | Upgraded the game from 0.30-a0-862-g1aabd4f9c5 to
                  | 0.30-a0-867-g305f33218d
 56298 | Crypt:1  | Entered Level 1 of the Crypt
 56524 | Crypt:1  | Reached skill level 24 in Invocations
 56757 | Crypt:1  | Paralysed by a vampire knight for 3 turns
 57580 | Crypt:2  | Paralysed by a vampire knight for 2 turns
 58108 | Crypt:2  | Noticed Margery
 58126 | Crypt:2  | Killed Margery
 58633 | Crypt:2  | Noticed Vv
 58671 | Crypt:2  | Killed Vv
 58868 | Crypt:3  | Entered Level 3 of the Crypt
 59198 | Crypt:3  | Reached skill level 25 in Invocations
 59458 | Crypt:3  | Identified the +11 plate armour of the Distant Future {rF-
                  | rC+ Regen+}
 59526 | Crypt:3  | Noticed a dread lich
 59542 | Crypt:3  | Killed a dread lich
 59858 | Crypt:3  | Gained mutation: Spells you cast and wands you use may
                  | paralyse nearby enemies. [demonic ancestry]
 59858 | Crypt:3  | Reached XP level 25. HP: 92/279 MP: 2/39
 60049 | Crypt:3  | Found a staircase to the Tomb.
 60431 | Crypt:3  | Identified the +6 flail of Hacking and Slashing {speed,
                  | rElec rN+ Will+}
 60566 | Crypt:3  | Found an ancient bone altar of Kikubaaqudgha.
 60570 | Crypt:3  | Found a basalt altar of Yredelemnul.
 60581 | Crypt:3  | Identified the ring of Light {rElec rPois rC- rN+ Dex+2}
 60581 | Crypt:3  | Identified the ring "Koloydiusk" {rPois rN+ rCorr Str+3}
 60589 | Crypt:3  | Identified the ring "Darrerchu" {rC++ rN+ rCorr Int-3
                  | Stlth+}
 60593 | Crypt:3  | Got the Disquisition on Debased Spells
 60973 | Zot:1    | Entered Level 1 of the Realm of Zot
 61008 | Zot:1    | Reached skill level 26 in Invocations
 61074 | Zot:1    | Noticed Parghit
 61288 | Zot:1    | Killed Parghit
 62630 | Zot:2    | Reached skill level 27 in Invocations
 63322 | Zot:5    | Entered Level 5 of the Realm of Zot
 64246 | Zot:5    | Noticed a Killer Klown
 64255 | Zot:5    | Killed a Killer Klown
 64354 | Zot:5    | Noticed a dread lich
 64383 | Zot:5    | Killed a dread lich
 64410 | Zot:5    | Noticed a Killer Klown
 64436 | Zot:5    | Killed a Killer Klown
 64437 | Zot:5    | Reached XP level 26. HP: 301/301 MP: 39/40
 64446 | Zot:5    | Noticed an orb of fire
 64457 | Zot:5    | Gained mutation: Your body sometimes deteriorates upon
                  | taking damage. [an orb of fire]
 64474 | Zot:5    | Killed an orb of fire
 64764 | Zot:5    | Noticed an ancient lich
 64766 | Zot:5    | Got the Orb of Zot
 64767 | Zot:5    | Noticed an orb of fire
 65171 | D:10     | Noticed Sehodd the pandemonium lord
 65354 | D:$      | Escaped with the Orb!

Illustrated notes

Levels and vault maps discovered:
D:1:      dpeg_chamrin_arrival_tetris, layout_basic
D:2:      layout_basic, serial_shops, nicolae_square_shop,
          nicolae_shop_overgrown_old_shop, nicolae_diamond_shop,
          nicolae_shop_hallway_plus, shop, uniq_robin, uniq_sigmund
D:3:      layout_basic, ashenzari_conservatory_becter
D:4:      layout_rooms
D:5:      layout_loops_cross, kiku_gazebo_pond_becter,
          chequers_serial_rivers_micro_c
D:6:      layout_loops_ring, minmay_misc_feat_iff, uniq_pikel, uniq_menkaure
D:7:      layout_loops_ring, nicolae_overflow_hidden_temple,
          minmay_temple_entry_large_hall, hangedman_abyss_or_decor_passed,
          nicolae_elemental_shop, uniq_crazy_yiuf_cottage
D:8:      layout_rooms, grunt_temple_overflow_open, grunt_livestock,
          serial_bayou_lake_a
D:9:      layout_rooms, lair_entry_dummy, orc_0_dummy,
          minmay_unpleasant_kobolds, uniq_grum
D:10:     layout_basic, gammafunk_ghost_hydra_chop, st_stairs_13
D:11:     layout_rooms
D:12:     layout_loops_cross
D:13:     layout_cave_pools, david_vaults_2
D:14:     layout_irregular_city
D:15:     gammafunk_enter_depths_forms, layout_stronghold,
          nicolae_qazlal_scattered_showers
Temple:   nicolae_temple_bog_church
Lair:1:   layout_gridlike, lemuel_fruit_fields, grunt_megastairs_2
Lair:2:   cheibrodos_lair_overgrown_chateau, layout_hall_layers,
          roderic_batcave, minivault_23, beast_lair_carwin_1
Lair:3:   layout_regular_city, minmay_shoals_entry_hut,
          nicolae_spider_entry_lesser_pyramids, chequers_serial_rivers_large_a
Lair:4:   layout_cave_pods, serial_bayou_shore_b, infiniplex_staircase_pool_2
Lair:5:   minmay_lair_end_frog_pond, layout_gridlike, slime_entry_1,
          serial_bayou_ford_a, st_stairs_5, pdpol_lair_neglected_garden
Shoals:1: layout_shoals, uniq_frances
Shoals:2: layout_shoals, nicolae_shoals_raging_river
Shoals:3: layout_shoals, serial_shops, nicolae_shop_statue_plus
Shoals:4: shoals_end_grunt_garden, layout_shoals, uniq_louise
Spider:1: layout_spider_delve
Spider:2: layout_cave_pods, gammafunk_ghost_grave
Spider:3: layout_chambers, uniq_donald
Spider:4: grunt_spider_rune_island
Slime:1:  layout_caves
Orc:1:    layout_diamond_mine, lightli_volcano_entry_magma_tube, serial_shops,
          nicolae_shop_advertising_works [nicolae_subvault_shop_adworks]
Orc:2:    st_orc_congregation, layout_diamond_mine
Elf:1:    layout_geoelf_grid, serial_aquarium, aquarium_bridge_square
          [aquarium_subvault_bridge, aquarium_subvault_wall,
          aquarium_subvault_wall, aquarium_subvault_bridge],
          aquarium_bridge_long_separate [aquarium_subvault_bridge,
          aquarium_subvault_wall, aquarium_subvault_balcony,
          aquarium_subvault_bridge, aquarium_subvault_window,
          aquarium_subvault_wall], aquarium_window_fake, aquarium_window_1,
          aquarium_window_fake, aquarium_window_fake, aquarium_view_2c,
          aquarium_view_2d, aquarium_pool_2,
          portal_ice_cave_entry_ice_statue_two, orc_legates,
          nicolae_elf_stone_circles, uniq_jorgrun, uniq_aizul, uniq_roxanne,
          uniq_azrael
Elf:2:    elven_hall_of_blades_hangedman_original
          [nicolae_blade_entry_area_security], layout_geoelf_octagon,
          serial_shops, shop_fountains
Elf:3:    minmay_elf_hall_four_x, layout_geoelf_diagonals
Vaults:1: v_misc_30, nicolae_vaults_rhombus_6, hangedman_vaults_slice, v_misc_3,
          v_rooms_4, dpeg_vaults_monster_box, ontoclasm_vaults_tryst,
          vaults_room_hangedman_quadrants, nicolae_vaults_ring_of_whatevers,
          grunt_vaults_funnel, vaults_room_fancy_cross, layout_vaults_omnicross,
          serial_hangedman_research, hangedman_research_geology,
          hangedman_research_toxicology
Vaults:2: nicolae_vaults_what_the_h, minmay_crypt_entry_simple_sparse,
          nicolae_vaults_little_ls, v_alt_pattern_6, ontoclasm_vaults_chip,
          nicolae_vaults_twisting_passages, grunt_vaults_hallway_long,
          vaults_dpeg_encased_lava, layout_vaults_omnigrid, serial_shops, shop,
          uniq_asterion
Vaults:3: v_pattern_1, v_misc_23, v_misc_8, hangedman_vaults_stream,
          nicolae_vaults_network_star, vaults_standard_mumra_lines,
          nicolae_vaults_back_hallway, nicolae_vaults_windows_and_doors_thing,
          nicolae_vaults_shelves_hall, nicolae_vaults_little_squares_1,
          layout_vaults_maze_bifur, uniq_mara
Vaults:4: dpeg_vaults_monster_row, nicolae_vaults_yaktaur_gun_rack,
          serial_ice_b, ontoclasm_vaults_spin, nicolae_vaults_ring_of_whatevers,
          v_misc_3, nicolae_vaults_border_crossing, nicolae_vaults_shelves_hall,
          nicolae_vaults_network_quinsquares
          [nicolae_vaults_network_quincunx_subvault,
          nicolae_vaults_network_quincunx_subvault,
          nicolae_vaults_network_quincunx_subvault,
          nicolae_vaults_network_quincunx_subvault], layout_vaults_chaotic_city,
          uniq_mennas
Vaults:5: serial_shops, uniq_frederick
Crypt:1:  layout_regular_city, roderic_lattice_octagonal_star
Crypt:2:  layout_misc_corridors, nicolae_crypt_stairs_room, uniq_vv,
          uniq_margery
Crypt:3:  lightli_unholy_cathedral, layout_chaotic_city,
          nicolae_tomb_entry_unfolded_pyramid_orthogonal
Depths:1: layout_honeycomb, minmay_hedge_maze, grunt_hell_entry_dis_old,
          st_stairs_3, hangedman_eye_storm, serial_bayou_shore_a,
          uniq_bai_suzhen
Depths:2: minmay_bloctagon, layout_gridlike, hell_entry,
          grunt_pan_entry_sceptre, abyss_entry, infiniplex_staircase_trident,
          kennysheep_random_hallway, uniq_grunn, uniq_josephina
Depths:3: minmay_the_grid_octo_tiled_octocenter [minmay_the_grid_octo_77,
          minmay_the_grid_octo_empty, minmay_the_grid_octo_shrine,
          minmay_the_grid_octo_clover_2, minmay_the_grid_octo_prize_big_c,
          minmay_the_grid_square_5x5_minimal,
          minmay_the_grid_square_5x5_shrine1, minmay_the_grid_square_5x5_inset,
          minmay_the_grid_square_5x5_one_wall], layout_honeycomb,
          enter_ziggurat_c, abyss_entry, pf_hell_entry_tar_river,
          trog_three_pillars_becter, serial_shops, kennysheep_little_box,
          hellmonk_scarab_ruin
Depths:4: grunt_zot_entry_gee_three, layout_cave_pools, xom_teletrap_fun,
          lightli_too_deep, minmay_shop_star
Zot:1:    layout_misc_corridors, uniq_parghit
Zot:2:    layout_gridlike
Zot:3:    layout_concentric_octagons, st_stairs_2, zot_minivault_4,
          grunt_megastairs_1
Zot:4:    layout_misc_corridors, nzn_ghost_randoct
Zot:5:    layout_twisted_circle

Skill      XL: |  1  2  3  4  5  6  7  8  9 10 11 12 13 14 15 16 17 18 19 20 21 22 23 24 25 |
---------------+----------------------------------------------------------------------------+-----
Maces & Flails | 2 3 4 5 6 7 9 11 12 13 15 16 | 16.0
Fighting       | 4 7 8 10 12 15 17 19 20 21 24 | 24.9
Translocations | 3 5 7 9 10 11 12 14 16 | 16.0
Invocations    | 2 7 10 13 17 19 20 21 22 23 25 27 | 27.0
Transmutations | 3 4 6 8 |  8.0
Armour         | 6 9 10 11 14 16 18 20 | 20.0
Shields        | 2 6 9 11 13 14 | 14.0
Spellcasting   | 4 5 6 |  6.0
Throwing       | |  0.8
Dodging        | |  1.7

Action                     |  1- 3 |  4- 6 |  7- 9 | 10-12 | 13-15 | 16-18 | 19-21 | 22-24 | 25-27 || total
---------------------------+-------+-------+-------+-------+-------+-------+-------+-------+-------++-------
  Melee: Mace              |    59 |       |       |       |       |       |       |       |       ||    59
         Punch             |     2 |     1 |     4 |     6 |    11 |       |       |       |       ||    24
         Dagger            |    36 |   114 |   273 |       |       |       |       |       |       ||   423
         Touch             |       |    21 |    65 |   147 |   164 |       |       |       |       ||   397
         Whip              |       |       |    47 |   734 |  1518 |   166 |       |       |       ||  2465
         Eveningstar       |       |       |       |       |       |  1042 |  1833 |  1536 |   991 ||  5402
         Demon whip        |       |       |       |       |       |       |       |  1322 |       ||  1322
   Fire: Sling             |    18 |       |       |       |       |       |       |       |       ||    18
  Throw: Dart              |       |       |     7 |    20 |     5 |       |       |       |       ||    32
         Throwing net      |       |       |       |       |       |     4 |       |       |       ||     4
         Javelin           |       |       |       |       |       |       |     2 |       |       ||     2
         Boomerang         |       |       |       |       |       |       |     1 |       |       ||     1
   Cast: Manifold Assault  |       |       |     1 |     8 |    53 |   166 |   324 |   303 |   124 ||   979
         Blink             |       |       |       |     2 |       |     5 |       |     5 |     2 ||    14
         Wereblood         |       |       |       |     2 |    34 |    40 |    88 |    45 |    10 ||   219
         Passage of Golubr |       |       |       |       |       |       |       |     6 |     2 ||     8
 Invoke: Minor Destruction |       |       |       |    99 |   676 |   814 |   422 |   293 |    87 ||  2391
         Lesser Servant of |       |       |       |     1 |    18 |     6 |     1 |       |       ||    26
         Greater Servant o |       |       |       |       |     4 |    18 |    18 |    24 |     7 ||    71
         Major Destruction |       |       |       |       |     6 |     7 |     5 |     3 |       ||    21
  Evoke: Wand              |       |       |     4 |    19 |    11 |     8 |    13 |    15 |     6 ||    76
         Phantom mirror    |       |       |       |       |       |     2 |     2 |     2 |     1 ||     7
         Lightning rod     |       |       |       |       |       |       |     9 |     4 |       ||    13
         Tin of tremorston |       |       |       |       |       |       |     2 |     7 |       ||     9
         Condenser vane    |       |       |       |       |       |       |       |     5 |       ||     5
         Box of beasts     |       |       |       |       |       |       |       |     1 |       ||     1
         Phial of floods   |       |       |       |       |       |       |       |     3 |       ||     3
    Use: Scroll            |     1 |     6 |     1 |    13 |    13 |     9 |    14 |    23 |    16 ||    96
         Potion            |       |     1 |     4 |     2 |     6 |     7 |    12 |    22 |     5 ||    59
   Stab: Sleeping          |     1 |     2 |     1 |     1 |       |       |       |       |       ||     5
         Invisible         |       |       |     2 |     6 |     3 |     2 |       |     2 |     4 ||    19
         Petrified         |       |       |       |     1 |       |       |       |       |       ||     1
         Distracted        |       |       |       |     1 |    12 |     8 |     1 |     2 |     4 ||    28
         Paralysed         |       |       |       |       |    37 |    78 |   101 |   103 |    49 ||   368
         Confused          |       |       |       |       |     1 |       |       |     9 |       ||    10
 Armour: Leather armour    |    29 |       |    23 |   250 |   272 |       |       |       |       ||   574
         Animal skin       |       |    39 |   103 |       |       |       |       |       |       ||   142
         Chain mail        |       |       |       |       |   265 |   584 |   413 |   336 |       ||  1598
         Skin              |       |       |       |       |       |       |    14 |       |       ||    14
         Crystal plate arm |       |       |       |       |       |       |       |   450 |       ||   450
         Plate armour      |       |       |       |       |       |       |       |    40 |   362 ||   402
  Dodge: Dodged            |    45 |    45 |   155 |   289 |   648 |   594 |   200 |   410 |   151 ||  2537
  Block: Kite shield       |       |       |       |       |   403 |  1199 |   783 |  1489 |   642 ||  4516
         Reflection        |       |       |       |       |    25 |    78 |    79 |    37 |     9 ||   228

Table legend: (Time is in decaauts)
 A = Elapsed time spent in this place.
 B = Non-inter-level travel time spent in this place.
 C = Inter-level travel time spent in this place.
 D = Time resting spent in this place.
 E = Time spent auto-exploring this place.
 F = Levels seen in this place.
 G = Mean time per level.
                   A        B        C        D        E       F      G
               +--------+--------+--------+--------+--------+-----+--------+
         Total |  63862 |  57698 |   6164 |  12687 |  26573 |  54 | 1182.6 |
       Dungeon |  13955 |  11557 |   2398 |    627 |   7141 |  15 |  930.3 |
        Temple |    224 |    176 |     48 |      0 |    157 |   1 |  224.0 |
          Lair |   6501 |   5559 |    942 |    528 |   3191 |   5 | 1300.2 |
        Shoals |   4199 |   3754 |    445 |    528 |   1860 |   4 | 1049.8 |
   Spider Nest |   4131 |   3862 |    269 |    665 |   2008 |   4 | 1032.8 |
    Slime Pits |     23 |     23 |      0 |      0 |      0 |   1 |   23.0 |
  Orcish Mines |   2350 |   1923 |    427 |    145 |   1148 |   2 | 1175.0 |
   Elven Halls |   5386 |   5095 |    291 |   1821 |   1876 |   3 | 1795.3 |
        Vaults |  11102 |  10619 |    483 |   3976 |   3801 |   5 | 2220.4 |
         Crypt |   4068 |   3938 |    130 |   1072 |   1396 |   3 | 1356.0 |
        Depths |   7185 |   6705 |    480 |   2275 |   2533 |   4 | 1796.2 |
           Zot |   3705 |   3459 |    246 |    866 |   1248 |   5 |  741.0 |
      Ice Cave |    758 |    758 |      0 |    152 |    163 |   1 |  758.0 |
       Volcano |    271 |    271 |      0 |     31 |     49 |   1 |  271.0 |
               +--------+--------+--------+--------+--------+-----+--------+

Top non-repeatable levels by time:
Vaults:4: 2779 daAuts
Vaults:2: 2398 daAuts
Vaults:1: 2275 daAuts
Vaults:3: 2124 daAuts
Depths:1: 1985 daAuts
   Elf:2: 1940 daAuts
Depths:3: 1883 daAuts
   Elf:1: 1817 daAuts
Depths:4: 1800 daAuts
 Crypt:3: 1731 daAuts
    D:15: 1659 daAuts
   Elf:3: 1628 daAuts
Vaults:5: 1525 daAuts
Depths:2: 1516 daAuts
  Lair:2: 1449 daAuts
